 Dungeon Crawl Stone Soup version 0.24.0-1-gfbc8707122 (webtiles) character file.

Game seed: 1661012384751865608, levelgen mode: deterministic

38630 Hybris the Thaumaturge (level 14, -2/106 HPs)
             Began as a Gnoll Wizard on Oct 26, 2019.
             Was a High Priest of Vehumet.
             Slain by a black mamba (15 damage)
             ... on level 5 of the Lair of Beasts on Oct 27, 2019.
             The game lasted 01:32:56 (17727 turns).

Hybris the Thaumaturge (Gnoll Wizard)              Turns: 17727, Time: 01:32:56

Health: -2/106     AC: 10    Str: 17    XL:     14   Next: 3%
Magic:  18/29      EV: 18    Int: 28    God:    Vehumet [*****.]
Gold:   703        SH:  6    Dex: 14    Spells: 11/35 levels left

rFire    + + .     SeeInvis .   W - +7 spear of Change {pierce, MR+ Str+7}
rCold    + . .     Gourm    .   n - +0 buckler
rNeg     . . .     Faith    .   p - +2 robe {rC+ rF+}
rPois    .         Spirit   .   O - +2 helmet
rElec    .         Reflect  .   v - +0 cloak
rCorr    .         Harm     .   T - +0 pair of gloves
MR       ++++.                  (no boots)
Stlth    ++++......             (no amulet)
HPRegen  0.27/turn              z - ring of protection from fire
MPRegen  0.21/turn              J - ring of the Mage {Wiz MR++ Int+3}

@: no status effects
A: distributed training, fangs 1, strong nose
a: Renounce Religion


You were on level 5 of the Lair of Beasts.
You worshipped Vehumet.
Vehumet was extremely pleased with you.
You were not hungry.

You visited 2 branches of the dungeon, and saw 17 of its levels.
You also visited: Ossuary.

You collected 1011 gold pieces.
You spent 308 gold pieces at shops.

Inventory:

Hand Weapons
 W - the +7 spear of Change (weapon) {pierce, MR+ Str+7}
   (You found it on level 1 of the Lair of Beasts)

   It inflicts extra damage upon your enemies.
   It affects your strength (+7).
   It affects your resistance to hostile enchantments.
Missiles
 i - 4 curare-tipped darts (quivered)
Armour
 n - a +0 buckler (worn)
 p - a +2 robe of resistance (worn)
 v - a +0 cloak (worn)
 O - a +2 helmet (worn)
 T - a +0 pair of gloves (worn)
Jewellery
 s - an uncursed ring of protection from cold
 w - the ring of Mutualism {Ice rElec rN+}
   (You found it on level 4 of the Dungeon)

   [ring of ice]

   It enhances your ice magic.
   It makes you vulnerable to fire.
   It protects you from cold.
   It insulates you from electricity.
   It protects you from negative energy.
 z - a ring of protection from fire (left hand)
 J - the ring of the Mage (right hand) {Wiz MR++ Int+3}
   (You found it on level 7 of the Dungeon)

   [ring of wizardry]

   It improves your spell success rate.
   It affects your intelligence (+3).
   It affects your resistance to hostile enchantments.
Wands
 k - a wand of enslavement (6)
 l - a wand of iceblast (23)
 t - a wand of disintegration (9)
 G - a wand of flame (42)
 Q - a wand of clouds (1)
 S - a wand of acid (12)
Scrolls
 a - 3 scrolls of fog
 c - 2 scrolls of acquirement
 g - 6 scrolls of enchant weapon
 m - a scroll of amnesia
 r - 5 scrolls of enchant armour
 u - 3 scrolls of fear
 x - 2 scrolls of immolation
 y - a scroll of torment
 A - 3 scrolls of magic mapping
 D - a scroll of silence
 F - a scroll of summoning
 I - 6 scrolls of teleportation
 K - 2 scrolls of holy word
 M - 4 scrolls of blinking
 P - 8 scrolls of remove curse
Potions
 b - 3 potions of curing
 e - 7 potions of mutation
 f - a potion of heal wounds
 h - 3 potions of flight
 j - 2 potions of agility
 o - 7 potions of lignification
 B - a potion of ambrosia {unknown}
 C - 3 potions of resistance {unknown}
 E - 2 potions of brilliance
 H - a potion of magic
 L - a potion of haste
 N - a potion of might {unknown}
 V - a potion of cancellation {unknown}
 Y - a potion of degeneration {unknown}
 Z - a potion of invisibility {unknown}
Miscellaneous
 R - a phantom mirror
 U - a crystal ball of energy
Comestibles
 d - 27 rations


   Skills:
 + Level 8.7 Fighting
 + Level 8.7 Short Blades
 + Level 8.7 Long Blades
 + Level 8.7 Axes
 + Level 8.7 Maces & Flails
 + Level 8.7 Polearms
 + Level 8.7 Staves
 + Level 8.7 Slings
 + Level 8.7 Bows
 + Level 8.7 Crossbows
 + Level 8.7 Throwing
 + Level 8.7 Armour
 + Level 9.8 Dodging
 + Level 9.6 Stealth
 + Level 8.7 Shields
 + Level 8.7 Unarmed Combat
 + Level 11.1 Spellcasting
 + Level 7.6 Conjurations
 + Level 7.2 Hexes
 + Level 7.2 Charms
 + Level 7.6 Summonings
 + Level 7.2 Necromancy
 + Level 7.6 Translocations
 + Level 7.2 Transmutations
 + Level 7.2 Fire Magic
 + Level 7.2 Ice Magic
 + Level 7.2 Air Magic
 + Level 7.2 Earth Magic
 + Level 7.2 Poison Magic
 + Level 9.4 Invocations
 + Level 8.7 Evocations


You had 11 spell levels left.
You knew the following spells:

 Your Spells              Type           Power        Failure   Level  Hunger
a - Magic Dart            Conj           ####         1%          1    None
b - Blink                 Tloc           N/A          1%          2    None
c - Call Imp              Summ           ######..     1%          2    None
d - Conjure Flame         Conj/Fire      ######..     1%          3    None
e - Mephitic Cloud        Conj/Pois/Air  ######..     1%          3    None
f - Airstrike             Air            ######....   1%          4    None
g - Lightning Bolt        Conj/Air       ######....   1%          5    ###....
h - Olgreb's Toxic Radia  Pois           ######..     1%          4    None

Your spell library contained the following spells:

 Spells                   Type           Power        Failure   Level  Hunger
 Orb of Destruction       Conj           ######....   14%         7    ######.
 Confusing Touch          Hex            ######       1%          1    None
 Corona                   Hex            ######.      1%          1    None
 Sandblast                Erth           ######       1%          1    None
 Shock                    Conj/Air       ####         1%          1    None
 Sting                    Conj/Pois      ####         1%          1    None
 Passwall                 Tmut/Erth      ######..     1%          2    None
 Poisonous Vapours        Pois/Air       ######       1%          2    None
 Slow                     Hex            ######..     1%          2    None
 Swiftness                Chrm/Air       ######..     1%          2    None
 Confuse                  Hex            ######..     1%          3    None
 Gell's Gravitas          Tloc           ######....   1%          3    None
 Inner Flame              Hex/Fire       ######..     1%          3    None
 Portal Projectile        Hex/Tloc       ######       1%          3    None
 Static Discharge         Conj/Air       ######..     1%          3    None
 Stone Arrow              Conj/Erth      ######       1%          3    None
 Cause Fear               Hex            ######....   1%          4    None
 Leda's Liquefaction      Hex/Erth       ######....   1%          4    None
 Petrify                  Tmut/Erth      ######..     1%          4    None
 Lee's Rapid Deconstruct  Erth           ######....   1%          5    ###....
 Metabolic Englaciation   Hex/Ice        ######....   1%          5    ###....
 Yara's Violent Unravell  Hex/Tmut       ######....   1%          5    ###....
 Bolt of Cold             Conj/Ice       ######....   3%          6    #####..


Dungeon Overview and Level Annotations

Branches:
Dungeon (11/15)            Temple (0/1) D:5            Lair (6/6) D:8
  Swamp (0/4) Lair:4       Spider (0/4) Lair:3        Slime (0/5) Lair:5
Ossuary (visited)
    Orc: D:9-12

Altars:
Elyvilon
Nemelex Xobeh
Okawaru
Qazlal
Uskayaw
Vehumet
Xom
The Shining One

Shops:
D:4 }:   D:7 ![?:*   D:9 *   D:10 !((?[


Innate Abilities, Weirdness & Mutations

Your experience applies equally to all skills.
You have very sharp teeth.
Your uncanny sense of smell can sniff out nearby items.


Message History

* * * LOW HITPOINT WARNING * * *
You are lethally poisoned!
The black mamba poisons you! The black mamba bites you!
* * * LOW HITPOINT WARNING * * *
There is a stone staircase leading up, spattered with blood here.
* * * LOW HITPOINT WARNING * * *
You feel very sick. The black mamba misses you.
The black mamba bites you but does no damage. x2
The dream sheep ruffles its wool and motes of dream dust sparkle, to no effect.
The black mamba completely misses you. The black mamba barely misses you.
The black mamba bites you!
* * * LOW HITPOINT WARNING * * *
You climb upwards.
* * * LOW HITPOINT WARNING * * *
You feel very sick.
There is a stone staircase leading down here.
You feel better. The black mamba closely misses you.
The black mamba barely misses you. The black mamba bites you!
You die...

#.....# #.....)..................
.....####........................
...##.#..........................
..####.....P#.....##....#.#####..
.###.......###P..##.#....#.###.##
#####......##...P..#....#...##...
.#.##....###P....................
##.....#.#.......S..............P
##......###.....@S...............
#...>####......P#S.....P.##.##...
##...# #.......####.##.########..
####.###....##.#.#..P.##.######..
####........#..#............#.#..
..###...#........................
..##.....####....................
.###....#####........#....P......
.##....###P.....#.##.###.#.......


You could see 3 black mambas.

Vanquished Creatures
  Gastronok (D:9)
  A dire elephant (Lair:4)
  Fannar (Lair:1)
  Erolcha (D:9)
  4 hydras
  Harold (D:9)
  Erica (Lair:2)
  A death yak (Lair:4)
  3 oklob plants (Lair:3)
  Maurice (D:10)
  10 elephants
  A torpor snail (Lair:4)
  4 black mambas
  10 spiny frogs
  2 rime drakes
  9 komodo dragons
  A troll (D:10)
  3 polar bears
  8 blink frogs
  Grinder (D:6)
  A bog body (Lair:4)
  9 hippogriffs
  A wraith (D:9)
  Sigmund (D:6)
  34 yaks
  2 basilisks
  A hungry ghost (D:9)
  A human (D:8)
  10 water moccasins
  Duvessa (D:5)
  7 porcupines
  2 ice beasts (D:9)
  A sky beast (D:5)
  2 black bears
  The ghost of Mrkan the Skirmisher, an amateur DrFi (D:3)
  3 orc warriors
  A necrophage (D:9)
  13 wolves
  4 ogres
  3 phantoms
  5 centaurs
  6 crocodiles
  4 big kobolds
  15 bullfrogs
  3 elf zombies (D:8)
  An elf skeleton (D:8)
  4 scorpions
  Dowan (D:6)
  6 wights (D:9)
  2 howler monkeys
  A crimson imp (D:10)
  4 centaur zombies
  A bullfrog zombie (D:9)
  A jelly (D:7)
  2 hounds
  6 bullfrog skeletons
  2 orc priests
  2 human skeletons (D:8)
  A centaur skeleton (D:6)
  8 iguanas
  7 orc wizards
  5 worker ants
  2 big kobold zombies (Ossuary)
  2 hound skeletons
  5 mummies (Ossuary)
  Robin (D:3)
  3 gnolls (D:2)
  A worker ant zombie (D:5)
  6 adders
  2 shadow imps
  An ooze (D:1)
  3 worms
  2 dart slugs (D:1)
  3 leopard geckos
  19 orcs
  10 bats
  2 giant cockroaches (D:1)
  12 hobgoblins
  2 jackals (D:5)
  3 quokkas
  2 ball pythons
  10 frilled lizards
  11 goblins
  5 hobgoblin zombies (Ossuary)
  15 kobolds
  A leopard gecko skeleton (D:7)
  A quokka skeleton (D:4)
  5 rats
378 creatures vanquished.

Vanquished Creatures (others)
  An unseen horror (D:10)
  A wolf (Lair:1)
  A bush (Lair:5)
  11 fungi
  13 plants
27 creatures vanquished.

Grand Total: 405 creatures vanquished

Notes
Turn   | Place    | Note
-------+----------+-------------------------------------------
     0 | D:1      | Hybris the Gnoll Wizard began the quest for the Orb.
     0 | D:1      | Reached XP level 1. HP: 13/13 MP: 8/8
   296 | D:1      | Reached XP level 2. HP: 18/19 MP: 5/10
   370 | D:1      | Found an iron altar of Okawaru.
   590 | D:1      | Reached XP level 3. HP: 24/25 MP: 9/11
   594 | D:1      | Learned a level 2 spell: Blink
   597 | D:1      | Learned a level 2 spell: Call Imp
   601 | D:1      | Learned a level 3 spell: Conjure Flame
   605 | D:1      | Learned a level 3 spell: Mephitic Cloud
   834 | D:2      | Reached skill level 1 in Invocations
   943 | D:2      | Reached skill level 1 in Fighting
   943 | D:2      | Reached skill level 1 in Short Blades
   943 | D:2      | Reached skill level 1 in Long Blades
   943 | D:2      | Reached skill level 1 in Axes
   943 | D:2      | Reached skill level 1 in Maces & Flails
   943 | D:2      | Reached skill level 1 in Polearms
   943 | D:2      | Reached skill level 1 in Staves
   943 | D:2      | Reached skill level 1 in Slings
   943 | D:2      | Reached skill level 1 in Bows
   943 | D:2      | Reached skill level 1 in Crossbows
   943 | D:2      | Reached skill level 1 in Throwing
   943 | D:2      | Reached skill level 1 in Armour
   943 | D:2      | Reached skill level 1 in Shields
   943 | D:2      | Reached skill level 1 in Unarmed Combat
   943 | D:2      | Reached skill level 1 in Evocations
  1028 | D:2      | Reached XP level 4. HP: 32/32 MP: 5/13
  1350 | D:2      | Found a glowing golden altar of the Shining One.
  1653 | D:3      | Reached skill level 1 in Hexes
  1653 | D:3      | Reached skill level 1 in Charms
  1653 | D:3      | Reached skill level 1 in Necromancy
  1653 | D:3      | Reached skill level 1 in Transmutations
  1653 | D:3      | Reached skill level 1 in Fire Magic
  1653 | D:3      | Reached skill level 1 in Ice Magic
  1653 | D:3      | Reached skill level 1 in Air Magic
  1653 | D:3      | Reached skill level 1 in Earth Magic
  1653 | D:3      | Reached skill level 1 in Poison Magic
  1748 | D:3      | Noticed Robin
  1795 | D:3      | Reached XP level 5. HP: 24/37 MP: 5/14
  1876 | D:3      | Killed Robin
  2077 | D:3      | Found a radiant altar of Vehumet.
  2098 | D:3      | Became a worshipper of Vehumet
  2154 | D:3      | Found a transporter.
  2162 | D:3      | Noticed Mrkan's ghost (amateur DrFi)
  2164 | D:3      | Identified the +6 great mace "Jesom" {vamp, rElec rF- Str+7
                  | Dex+3}
  2164 | D:3      | Noticed an ogre
  2169 | D:3      | Noticed an ogre
  2189 | D:3      | Found a transporter.
  2651 | D:4      | Found a hide-covered altar of Uskayaw.
  2653 | D:4      | Noticed a +0 dagger
  2653 | D:4      | Noticed a +0 hand axe
  2683 | D:4      | Reached XP level 6. HP: 44/44 MP: 10/16
  2852 | D:4      | Got a twitching granite ring
  2863 | D:4      | Found Ducvuts's Book Boutique.
  2864 | D:4      | Identified the ring of Mutualism {Ice rElec rN+} (You found
                  | it on level 4 of the Dungeon)
  2971 | D:4      | Found Soherin's Gadget Boutique.
  3226 | D:5      | Entered Level 5 of the Dungeon
  3226 | D:5      | Noticed a sky beast
  3236 | D:5      | Reached skill level 5 in Dodging
  3242 | D:5      | Killed a sky beast
  3288 | D:5      | Reached XP level 7. HP: 50/50 MP: 1/18
  3430 | D:5      | Found a staircase to the Ecumenical Temple.
  3449 | D:5      | Reached * piety under Vehumet
  3449 | D:5      | Offered knowledge of Sting by Vehumet.
  4020 | D:6      | Reached skill level 5 in Stealth
  4254 | D:6      | Noticed Duvessa
  4254 | D:6      | Noticed Dowan
  4307 | D:6      | Noticed Sigmund
  4311 | D:6      | Noticed Grinder
  4320 | D:6      | Paralysed by Grinder for 3 turns
  4524 | D:5      | Reached XP level 8. HP: 55/57 MP: 12/19
  4703 | D:6      | Killed Dowan
  4810 | D:5      | Killed Duvessa
  5174 | D:6      | Killed Grinder
  5452 | D:6      | Killed Sigmund
  5452 | D:6      | Reached skill level 8 in Spellcasting
  5740 | D:7      | Found Ydwoyrih's Assorted Antiques.
  5778 | D:7      | Found the ring of the Mage {Wiz MR++ Int+3}
  5826 | D:7      | Learned a level 4 spell: Airstrike
  5898 | D:7      | Reached XP level 9. HP: 65/65 MP: 13/21
  5999 | D:7      | Found Begidghyc's Magic Scroll Boutique.
  6011 | D:7      | Bought a scroll of teleportation for 39 gold pieces
  6011 | D:7      | Bought a scroll of summoning for 123 gold pieces
  6011 | D:7      | Bought a scroll of holy word for 97 gold pieces
  6305 | D:7      | Found Caezoado's Book Boutique.
  6345 | D:7      | Found Osodoqoe's Armour Shoppe.
  6518 | D:7      | Found Zeynoske's Distillery.
  6711 | D:8      | Found a sand-covered staircase.
  6716 | D:8      | Reached ** piety under Vehumet
  6757 | Ossuary  | Entered an ossuary
  6783 | Ossuary  | Offered knowledge of Sandblast by Vehumet.
  7633 | D:8      | Found a staircase to the Lair.
  7634 | D:8      | Noticed a komodo dragon
  7686 | D:8      | Learned a level 5 spell: Lightning Bolt
  7706 | D:8      | Killed a komodo dragon
  7706 | D:8      | Reached skill level 5 in Invocations
  7832 | D:9      | Reached XP level 10. HP: 73/73 MP: 19/22
  7857 | D:9      | Found Hyneoti's Assorted Antiques.
  8067 | D:9      | Offered knowledge of Ignite Poison by Vehumet.
  8087 | D:9      | Reached skill level 5 in Fighting
  8087 | D:9      | Reached skill level 5 in Short Blades
  8087 | D:9      | Reached skill level 5 in Long Blades
  8087 | D:9      | Reached skill level 5 in Axes
  8087 | D:9      | Reached skill level 5 in Maces & Flails
  8087 | D:9      | Reached skill level 5 in Polearms
  8087 | D:9      | Reached skill level 5 in Staves
  8087 | D:9      | Reached skill level 5 in Slings
  8087 | D:9      | Reached skill level 5 in Bows
  8087 | D:9      | Reached skill level 5 in Crossbows
  8087 | D:9      | Reached skill level 5 in Throwing
  8087 | D:9      | Reached skill level 5 in Armour
  8087 | D:9      | Reached skill level 5 in Shields
  8087 | D:9      | Reached skill level 5 in Unarmed Combat
  8087 | D:9      | Reached skill level 5 in Evocations
  8205 | D:9      | Noticed Harold
  8239 | D:9      | Killed Harold
  8239 | D:9      | Reached skill level 9 in Spellcasting
  8276 | D:9      | Noticed Erolcha
  8323 | D:9      | Reached *** piety under Vehumet
  8412 | D:9      | Killed Erolcha
  8412 | D:9      | Reached skill level 5 in Conjurations
  8412 | D:9      | Reached skill level 5 in Summonings
  8412 | D:9      | Reached skill level 5 in Translocations
  8692 | D:9      | Noticed Gastronok
  8860 | D:9      | Found a shimmering altar of Xom.
  8945 | D:9      | Killed Gastronok
  8945 | D:9      | Reached XP level 11. HP: 81/81 MP: 7/24
  8959 | D:9      | Found an iron altar of Okawaru.
  8967 | D:9      | Found a stormy altar of Qazlal.
  8969 | D:9      | Found a white marble altar of Elyvilon.
  8972 | D:9      | Found a sparkling altar of Nemelex Xobeh.
  9164 | D:10     | Entered Level 10 of the Dungeon
  9167 | D:10     | Found Plog's Antique Armour Boutique.
  9190 | D:10     | Found Xuemusu's Antique Weapon Emporium.
  9245 | D:10     | Found Deemi's Antique Weapon Emporium.
  9257 | D:10     | Offered knowledge of Sticky Flame by Vehumet.
  9324 | D:10     | Found Zeloeshro's Distillery.
  9467 | D:10     | Reached skill level 5 in Hexes
  9467 | D:10     | Reached skill level 5 in Charms
  9467 | D:10     | Reached skill level 5 in Necromancy
  9467 | D:10     | Reached skill level 5 in Transmutations
  9467 | D:10     | Reached skill level 5 in Fire Magic
  9467 | D:10     | Reached skill level 5 in Ice Magic
  9467 | D:10     | Reached skill level 5 in Air Magic
  9467 | D:10     | Reached skill level 5 in Earth Magic
  9467 | D:10     | Reached skill level 5 in Poison Magic
  9587 | D:10     | Noticed Maurice
  9598 | D:10     | Killed Maurice
  9621 | D:10     | Found Romeagh's Magic Scroll Boutique.
  9895 | D:10     | Bought a scroll of fear for 49 gold pieces
 10061 | D:10     | Identified Bec Zel's Compendium of Floating Conjuration
 10231 | D:10     | Killed an unseen horror
 10440 | D:3      | Killed Mrkan's ghost
 10603 | Lair:1   | Entered Level 1 of the Lair of Beasts
 10706 | Lair:1   | Reached **** piety under Vehumet
 10722 | Lair:1   | Identified a scroll of acquirement
 10845 | Lair:1   | Noticed Fannar
 10925 | Lair:1   | Killed Fannar
 11045 | Lair:1   | Offered knowledge of Olgreb's Toxic Radiance by Vehumet.
 11051 | Lair:1   | Learned a level 4 spell: Olgreb's Toxic Radiance
 11223 | Lair:1   | Got a fine spear
 11224 | Lair:1   | Identified the +7 spear of Change {pierce, MR+ Str+7} (You
                  | found it on level 1 of the Lair of Beasts)
 11833 | Lair:2   | Reached XP level 12. HP: 68/88 MP: 9/25
 11961 | Lair:2   | Reached skill level 10 in Spellcasting
 12531 | Lair:2   | Identified the +8 mace "Ciomyv" {drain, rF+ rC+ Int-2
                  | Dex+3}
 12531 | Lair:2   | Noticed Erica
 12546 | Lair:2   | Killed Erica
 12946 | Lair:3   | Found a hole to the Spider Nest.
 13077 | Lair:3   | Reached ***** piety under Vehumet
 13183 | Lair:3   | Offered knowledge of Orb of Destruction by Vehumet.
 13270 | Lair:3   | Noticed a five-headed hydra
 13647 | Lair:3   | Killed a five-headed hydra
 14186 | Lair:4   | Noticed a four-headed hydra
 14451 | Lair:4   | Reached XP level 13. HP: 87/97 MP: 10/27
 14550 | Lair:4   | Found a staircase to the Swamp.
 15617 | Lair:4   | Got a transparent mace
 15618 | Lair:4   | Identified the +1 mace of Crusades {venom, -Tele rPois rC++
                  | MR+} (You found it on level 4 of the Lair of Beasts)
 15867 | Lair:4   | Noticed a dire elephant
 16037 | Lair:4   | Killed a dire elephant
 16638 | Lair:5   | Found a staircase to the Slime Pits.
 16742 | Lair:5   | Reached skill level 11 in Spellcasting
 17635 | Lair:5   | Reached XP level 14. HP: 105/105 MP: 2/29
 17691 | Lair:6   | Entered Level 6 of the Lair of Beasts
 17727 | Lair:5   | Slain by a black mamba

Levels and vault maps discovered:
D:1:      dpeg_arrival_simpleton_b, layout_loops_ring, okawaru_ov_weapons_minmay
D:2:      layout_basic, tso_metal_star
D:3:      layout_basic, lemuel_doored_altar, gammafunk_ghost_smash,
          hangedman_abyss_or_decor_stabs, minmay_puff, uniq_robin
D:4:      layout_basic, dancing_weapons_uskayaw, first_ration, serial_shops,
          shop, shop
D:5:      layout_basic, minmay_temple_entry_butterflies
D:6:      layout_cave_pools, uniq_duvessa, uniq_grinder, uniq_sigmund
D:7:      layout_basic, serial_shops, shop, shop_statue, shop, shop, shop
D:8:      layout_rooms, david_lair_shrubbed, nicolae_ossuary_entry_catacombs,
          grunt_pizzeria
D:9:      layout_irregular_city, minitemple, serial_shops, nicolae_shop_stone,
          lemuel_altar_in_water, uniq_erolcha, uniq_gastronok, uniq_harold
D:10:     layout_basic, serial_shops, nicolae_shop_statue_plus, shop, shop,
          nicolae_shop_crystal, nicolae_shop_statue_plus, minmay_starry_boxes,
          uniq_maurice
D:11:     layout_basic, enter_trove_2, basic_altar,
          nicolae_ashenzari_panopticon, uniq_josephine
Lair:1:   layout_layer_cave, uniq_fannar
Lair:2:   layout_chaotic_city, beast_lair_carwin_7, uniq_erica
Lair:3:   layout_hall_layers, dummy_spider_entry, lemuel_fruit_tree,
          minmay_lair_oklob_chamber
Lair:4:   layout_misc_corridors, skrybe_swamp_entry_bodies, nzn_random_ring,
          grunt_megastairs_3
Lair:5:   layout_concentric_octagons, slime_dummy
Lair:6:   hangedman_lair_caniforms_friends, layout_small_grid,
          hangedman_lair_tendril_chambers, gammafunk_ghost_wrathful_warriors,
          minivault_11

Skill      XL: |  1  2  3  4  5  6  7  8  9 10 11 12 13 |
---------------+----------------------------------------+-----
Conjurations   | 2 3 4 5 6 7 |  7.6
Summonings     | 2 3 4 5 6 7 |  7.6
Translocations | 2 3 4 5 6 7 |  7.6
Invocations    | 1 2 3 4 5 6 7 8 9 |  9.4
Fighting       | 1 2 3 4 5 6 7 8 |  8.7
Short Blades   | 1 2 3 4 5 6 7 8 |  8.7
Long Blades    | 1 2 3 4 5 6 7 8 |  8.7
Axes           | 1 2 3 4 5 6 7 8 |  8.7
Maces & Flails | 1 2 3 4 5 6 7 8 |  8.7
Polearms       | 1 2 3 4 5 6 7 8 |  8.7
Staves         | 1 2 3 4 5 6 7 8 |  8.7
Slings         | 1 2 3 4 5 6 7 8 |  8.7
Bows           | 1 2 3 4 5 6 7 8 |  8.7
Crossbows      | 1 2 3 4 5 6 7 8 |  8.7
Throwing       | 1 2 3 4 5 6 7 8 |  8.7
Armour         | 1 2 3 4 5 6 7 8 |  8.7
Shields        | 1 2 3 4 5 6 7 8 |  8.7
Unarmed Combat | 1 2 3 4 5 6 7 8 |  8.7
Evocations     | 1 2 3 4 5 6 7 8 |  8.7
Hexes          | 1 2 3 4 5 6 7 |  7.2
Charms         | 1 2 3 4 5 6 7 |  7.2
Necromancy     | 1 2 3 4 5 6 7 |  7.2
Transmutations | 1 2 3 4 5 6 7 |  7.2
Fire Magic     | 1 2 3 4 5 6 7 |  7.2
Ice Magic      | 1 2 3 4 5 6 7 |  7.2
Air Magic      | 1 2 3 4 5 6 7 |  7.2
Earth Magic    | 1 2 3 4 5 6 7 |  7.2
Poison Magic   | 1 2 3 4 5 6 7 |  7.2
Dodging        | 5 6 7 8 9 |  9.8
Stealth        | 5 6 7 8 9 |  9.6
Spellcasting   | 8 9 10 11 | 11.1

Action                   |  1- 3 |  4- 6 |  7- 9 | 10-12 | 13-15 || total
-------------------------+-------+-------+-------+-------+-------++-------
Melee: Spear             |    25 |    95 |   360 |   188 |   213 ||   881
       Bite              |     1 |     3 |    32 |    34 |    22 ||    92
       Punch             |       |     1 |     1 |       |       ||     2
       Trident           |       |       |       |   290 |       ||   290
Throw: Dart              |       |    16 |     7 |    15 |     2 ||    40
 Cast: Magic Dart        |    57 |    79 |   167 |   123 |    19 ||   445
       Mephitic Cloud    |     3 |     8 |    21 |    56 |    21 ||   109
       Conjure Flame     |       |     3 |    13 |     8 |     8 ||    32
       Blink             |       |       |     8 |    45 |    13 ||    66
       Call Imp          |       |       |     4 |     3 |       ||     7
       Airstrike         |       |       |       |    39 |    43 ||    82
       Olgreb's Toxic Ra |       |       |       |    27 |    43 ||    70
       Lightning Bolt    |       |       |       |     5 |       ||     5
Evoke: Wand              |       |       |     1 |     7 |     6 ||    14
  Use: Scroll            |       |       |    16 |     5 |     4 ||    25
       Potion            |       |       |     1 |       |     1 ||     2
 Stab: Confused          |     1 |     4 |     8 |    46 |    16 ||    75
       Sleeping          |       |       |     8 |     5 |     1 ||    14
  Eat: Chunk             |       |     7 |     8 |    22 |    10 ||    47
       Ration            |       |       |     2 |       |       ||     2
Armor: Robe              |     1 |    13 |    35 |    67 |    25 ||   141
Dodge: Dodged            |    16 |    53 |   134 |   249 |   105 ||   557
Block: Buckler           |       |       |    19 |    82 |    40 ||   141
